 Dungeon Crawl Stone Soup version 0.17-a0-1939-ga475588 (webtiles) character file.

909 achirane the Thrower (level 7, -6/64 HPs)
             Began as a Centaur Hunter on Sept 29, 2015.
             Was a Follower of Qazlal.
             Mangled by a gnoll
             ... wielding a +2 spear of venom
              (8 damage)
             ... on level 8 of the Dungeon.
             The game lasted 00:31:29 (2763 turns).

achirane the Thrower (Centaur Hunter)               Turns: 2763, Time: 00:31:30

Health: -6/64      AC:  8    Str: 17    XL:     7   Next: 81%
Magic:  7/7        EV:  5    Int: 10    God:    Qazlal [*.....]
Gold:   137        SH:  1    Dex:  9    Spells: 0 memorised, 6 levels left

rFire  . . .     SeeInvis .     l - +0 hunting sling
rCold  . . .     Clarity  .     B - +0 chain mail
rNeg   + . .     SustAt   .     (no shield)
rPois  .         Gourm    .     (no helmet)
rElec  .         Spirit   .     u - +0 cloak
rCorr  .         Warding  .     (no gloves)
rMut   .         Stasis   .     (no barding)
MR     .....                    (no amulet)
Stlth  ..........               (no ring)
                                t - ring of positive energy {rN+}

@: drained, very quick, not resistant to hostile enchantments, extremely
unstealthy
A: hooves 3, deformed body, speed 2, tough skin 3
a: Renounce Religion


You were on level 8 of the Dungeon.
You worshipped Qazlal.
Qazlal was aware of your devotion.
You were not hungry.

You visited 2 branches of the dungeon, and saw 9 of its levels.

You collected 137 gold pieces.

Inventory:

Hand weapons
 c - a +0 short sword
 l - a +0 hunting sling (weapon)
   (You found it on level 1 of the Dungeon)
 D - a +2 flail
   (You took it off a wight on level 6 of the Dungeon)
 H - a +0 spear of piercing
   (You found it on level 6 of the Dungeon)
Missiles
 a - 37 sling bullets (quivered)
 d - 33 poisoned needles
 x - 38 stones
 I - 4 javelins
Armour
 u - a +0 cloak (worn)
   (You found it on level 2 of the Dungeon)
 B - a +0 chain mail (worn)
   (You found it on level 4 of the Dungeon)
Jewellery
 t - a ring of positive energy (left hand) {rN+}
   (You found it on level 2 of the Dungeon)
 J - an uncursed ring of protection from magic {unknown}
   (You found it on level 8 of the Dungeon)
Magical devices
 A - a wand of draining (10)
   (You found it on level 4 of the Dungeon)
 C - a wand of confusion (22)
   (You found it on level 6 of the Dungeon)
Scrolls
 g - 2 scrolls of teleportation {unknown}
 h - 2 scrolls of random uselessness {unknown}
 j - a scroll of immolation {unknown}
 k - a scroll of enchant armour {unknown}
 p - a scroll of noise {unknown}
 r - a scroll of fear {unknown}
 s - a scroll of remove curse {unknown}
 z - a scroll of recharging {unknown}
 E - a scroll of magic mapping {unknown}
 L - a scroll of amnesia {unknown}
Potions
 f - a potion of lignification {unknown}
 m - a potion of brilliance {unknown}
 n - a potion of cure mutation {!q}
 o - 2 potions of resistance
 v - a potion of haste
 w - a potion of mutation {unknown}
 G - 2 potions of flight {unknown}
Books
 y - a book of Minor Magic
   (You found it on level 3 of the Dungeon)
 K - a book of Ice
   (You found it on level 8 of the Dungeon)
Comestibles
 e - 4 bread rations {@e1}
 i - 2 slices of pizza
 q - 2 fruits
 F - a chunk of flesh {@w0}


   Skills:
 + Level 6.6 Fighting
 + Level 9.8 Throwing
 - Level 1.3 Dodging
 - Level 0.5 Stealth


You had 6 spell levels left.
You didn't know any spells.

Dungeon Overview and Level Annotations

Branches:
Dungeon (8/15)             Temple (1/1) D:5
   Lair: D:8-11

Altars:
Ashenzari
Cheibriados
Dithmenos
Fedhas
Gozag
Makhleb
Nemelex Xobeh
Okawaru
Qazlal
Ru
Sif Muna
Vehumet
Xom
Yredelemnul
Zin
The Shining One

Annotations:
D:5 Dowan, Duvessa, Prince Ribbit
D:8 Maurice


Innate Abilities, Weirdness & Mutations

You have hooves in place of feet.
Armour fits poorly on your strangely shaped body.
You cover ground very quickly.
You have extremely tough skin (AC +3).


Message History

Throwing (i - inventory. (,) - cycle):
I - 4 javelins (quivered)
Press: ? - help, Shift-Dir - straight line, f - orc warrior
Aim: an orc warrior, wielding a mace and wearing a chain mail You throw a javelin.
The javelin hits the orc warrior.
The orc warrior is lightly wounded.
Throwing (i - inventory. (,) - cycle):
I - 3 javelins (quivered)
Press: ? - help, Shift-Dir - straight line, f/p - orc warrior
Aim: an orc warrior, wielding a mace and wearing a chain mail (lightly wounded)
You throw a javelin. The javelin hits the orc warrior.
The orc warrior is moderately wounded.
Throwing (i - inventory. (,) - cycle):
I - 2 javelins (quivered)
Press: ? - help, Shift-Dir - straight line, f/p - orc warrior
Aim: an orc warrior, wielding a mace and wearing a chain mail (moderately wounded)
You throw a javelin.
The javelin closely misses the orc warrior.
You feel sick.
You take 1 damage, and have 34/64 hp.
Throwing (i - inventory. (,) - cycle):
I - a javelin (quivered)
Press: ? - help, Shift-Dir - straight line, f/p - orc warrior
Aim: an orc warrior, wielding a mace and wearing a chain mail (moderately wounded)
You throw a javelin.
The javelin completely misses the orc warrior.
Throwing (i - inventory. (,) - cycle):
b - 2 tomahawks (quivered)
Press: ? - help, Shift-Dir - straight line, f/p - orc warrior
Aim: an orc warrior, wielding a mace and wearing a chain mail (moderately wounded)
You throw a tomahawk. The tomahawk hits the orc warrior!
The orc warrior is severely wounded.
Throwing (i - inventory. (,) - cycle):
b - a tomahawk (quivered)
Press: ? - help, Shift-Dir - straight line, f/p - orc warrior
Aim: an orc warrior, wielding a mace and wearing a chain mail (severely wounded)
You throw a tomahawk.
The tomahawk closely misses the orc warrior.
Wield which item (- for none, * to show all)? (? for menu, Esc to quit)
Okay, then.
Wield which item (- for none, * to show all)? (? for menu, Esc to quit)
l - a +0 hunting sling (weapon)
You feel sick.
You are no longer poisoned.
You take 1 damage, and have 34/64 hp.
Firing (i - inventory. (,) - cycle):
a - 38 sling bullets (quivered)
Press: ? - help, Shift-Dir - straight line, f/p - orc warrior
Aim: an orc warrior, wielding a mace and wearing a chain mail (severely wounded)
You shoot a sling bullet. The sling bullet hits the orc warrior.
The orc warrior is severely wounded.
Firing (i - inventory. (,) - cycle):
a - 37 sling bullets (quivered)
Press: ? - help, Shift-Dir - straight line, f/p - orc warrior
Aim: an orc warrior, wielding a mace and wearing a chain mail (severely wounded)
You shoot a sling bullet.
The sling bullet hits the orc warrior but does no damage.
The orc warrior is severely wounded.
The orc warrior hits you but does no damage.
You block the orc warrior's attack.
A centaur zombie comes into view.
You see here a javelin.
I - a javelin You see here a javelin.
I - 2 javelins (gained 1)
The centaur zombie hits you but does no damage. x2
The black bear growls angrily.
The orc hits you but does no damage.
You see here a javelin.
I - 3 javelins (gained 1)
The centaur zombie hits you but does no damage.
The orc hits you but does no damage.
You see here a javelin.
I - 4 javelins (gained 1)
The orc barely misses you. The orc warrior hits you with a mace!
The centaur zombie hits you but does no damage.
You take 12 damage, and have 26/64 hp.
The orc warrior hits you with a mace!
* * * LOW HITPOINT WARNING * * *
You take 8 damage, and have 18/64 hp.
The centaur zombie hits you.
* * * LOW HITPOINT WARNING * * *
You take 4 damage, and have 15/64 hp.
A centaur comes into view.
The centaur shouts!
The centaur wields a shortbow.
The centaur shoots an arrow.
You block the arrow.
Found an iron altar of Okawaru.
You see here an arrow.
Press: ? - help, v - describe, . - travel
Here: a centaur, wielding a shortbow An iron altar of Okawaru.
Unknown command.
Unknown command.
Unknown command.
You see here a sling bullet.
a - 37 sling bullets (gained 1)
The centaur shoots an arrow.
The arrow hits you!
* * * LOW HITPOINT WARNING * * *
There is a stone staircase leading down here.
You see here an arrow.
You take 12 damage, and have 11/64 hp.
The centaur shoots an arrow.
The arrow hits you!
* * * LOW HITPOINT WARNING * * *
You climb downwards.
Level annotation: Maurice The gnoll hits you with a spear of venom!
You die...

##.######
###...§....
#.......†..
#.#........
#.#........ #####
#.#...##### ...#
#.#...#
########.#####.#...#
[.....g@)..g.g.....#
#######..#####.#...#
#..# #.#...# .....
... ..# ..#..##
#.#...# ........
#.#a..# ........ #g#
..' ......... g# ..#


You could see a gnoll sergeant and 2 gnolls.

Vanquished Creatures
  A black bear (D:8)
  A sky beast (D:6)
  An ogre (D:6)
  A centaur (D:7)
  2 big kobolds (D:7)
  A wight (D:6)
  A giant frog skeleton (D:4)
  A jelly (D:7)
  5 worker ants
  An orc priest (D:7)
  An orc wizard (D:6)
  An iguana (D:7)
  The ghost of achirane the Chucker, a weakling CeHu (D:3)
  A worker ant zombie (D:5)
  A gnoll (D:8)
  3 adders
  2 giant geckos
  6 orcs
  5 bats
  4 giant cockroaches
  A goblin (D:3)
  6 hobgoblins
  3 jackals (D:1)
  16 kobolds
  A quokka (D:7)
  A giant gecko skeleton (D:5)
  2 giant newts
  4 rats
74 creatures vanquished.

Notes
Turn   | Place    | Note
--------------------------------------------------------------
     0 | D:1      | achirane the Centaur Hunter began the quest for the Orb.
     0 | D:1      | Reached XP level 1. HP: 17/17 MP: 1/1
   295 | D:1      | Reached XP level 2. HP: 13/25 MP: 2/2
   628 | D:2      | Reached XP level 3. HP: 28/30 MP: 3/3
   639 | D:3      | Reached skill level 3 in Fighting
   715 | D:3      | Reached skill level 6 in Throwing
   732 | D:3      | Noticed achirane's ghost (weakling CeHu)
   734 | D:3      | Killed achirane's ghost
   822 | D:3      | Reached XP level 4. HP: 34/38 MP: 4/4
   917 | D:5      | Entered Level 5 of the Dungeon
  1139 | D:4      | Reached skill level 4 in Fighting
  1139 | D:4      | Reached XP level 5. HP: 29/46 MP: 5/5
  1193 | D:5      | Reached skill level 7 in Throwing
  1223 | D:5      | Noticed an ogre
  1223 | D:5      | Noticed a sky beast
  1251 | D:5      | Found a staircase to the Ecumenical Temple.
  1259 | Temple   | Entered the Ecumenical Temple
  1349 | Temple   | Became a worshipper of Qazlal Stormbringer
  1514 | D:5      | Noticed a slave
  1514 | D:5      | Noticed an ogre
  1597 | D:5      | Noticed Duvessa
  1597 | D:5      | Noticed Dowan
  1597 | D:5      | Noticed Prince Ribbit
  1727 | D:6      | Reached XP level 6. HP: 19/53 MP: 6/6
  1750 | D:6      | Noticed a sky beast
  1765 | D:6      | Killed a sky beast
  1765 | D:6      | Reached skill level 5 in Fighting
  1765 | D:6      | Reached skill level 8 in Throwing
  1799 | D:6      | Found a snail-covered altar of Cheibriados.
  1800 | D:6      | Noticed an ogre
  1808 | D:6      | Killed an ogre
  1838 | D:6      | Found a basalt altar of Yredelemnul.
  2024 | D:7      | Reached XP level 7. HP: 32/61 MP: 7/7
  2192 | D:7      | Reached skill level 9 in Throwing
  2273 | D:7      | Reached skill level 6 in Fighting
  2395 | D:7      | Acquired Qazlal's first power
  2506 | D:8      | Noticed Maurice
  2705 | D:7      | HP: 15/64 [centaur zombie (4)]
  2729 | D:7      | Found an iron altar of Okawaru.
  2761 | D:7      | HP: 11/64 [centaur/arrow (12)]
  2762 | D:7      | HP: 2/64 [centaur/arrow (9)]
  2763 | D:8      | Mangled by a gnoll

Vault maps used:
D:1:      eino_arrival_cavern_c, nrook_mini_backslash
D:3:      hangedman_decor_push, uniq_iyjb
D:4:      kennysheep_vampire_church, tgw_trog, gup_sewer_entry_glass,
          serial_corexii_hall, corexii_hall_statues_x, corexii_hall_statues_l,
          first_bread
D:5:      minmay_temple_entry_glassed_door, serial_shops, shop, uniq_pikel,
          uniq_duvessa, uniq_prince_ribbit1
D:6:      overflow_temple_1_default, cheibriados_altar_1, basic_altar
D:7:      okawaru_gym_becter, the_bakery
D:8:      led_sif_book, uniq_maurice
Temple:   nicolae_temple_figure_eight

Action                   |  1- 3 |  4- 6 |  7- 9 || total
-------------------------+-------+-------+-------++-------
Melee: Short sword       |    80 |    83 |       ||   163
       Flail             |       |    30 |    64 ||    94
       Spear             |       |     8 |       ||     8
 Fire: Hunting sling     |       |    55 |     9 ||    64
Throw: Javelin           |    29 |    26 |    13 ||    68
       Tomahawk          |       |    11 |    13 ||    24
       Stone             |       |     3 |       ||     3
       Throwing net      |       |       |     2 ||     2
  Use: Scroll            |       |     3 |       ||     3
 Stab: Held in net/web   |       |       |     1 ||     1
  Eat: Chunk             |       |     2 |     2 ||     4

Vault maps used:
D:1:      eino_arrival_cavern_c, nrook_mini_backslash
D:3:      hangedman_decor_push, uniq_iyjb
D:4:      kennysheep_vampire_church, tgw_trog, gup_sewer_entry_glass,
          serial_corexii_hall, corexii_hall_statues_x, corexii_hall_statues_l,
          first_bread
D:5:      minmay_temple_entry_glassed_door, serial_shops, shop, uniq_pikel,
          uniq_duvessa, uniq_prince_ribbit1
D:6:      overflow_temple_1_default, cheibriados_altar_1, basic_altar
D:7:      okawaru_gym_becter, the_bakery
D:8:      led_sif_book, uniq_maurice
Temple:   nicolae_temple_figure_eight

Table legend:
 A = Turns spent in this place as a percentage of turns spent in the entire game.
 B = Non-inter-level travel turns spent in this place as a percentage of non-inter-level travel turns spent in the entire game.
 C = Inter-level travel turns spent in this place as a percentage of turns spent in this place.
 D = Turns resting spent in this place as a percentage of non-inter-level travel turns spent in this place.
 E = Turns spent auto-exploring this place as a percentage of non-inter-level travel turns spent in this place.
 F = Non-inter-level travel turns spent in this place divided by the number of levels of this place that you've seen.
                   A       B       C       D       E      F
               +-------+-------+-------+-------+-------+----------------------
         Total | 100.0 | 100.0 |   0.1 |   0.0 |   0.0 | 262.9
       Dungeon |  95.4 |  95.4 |   0.1 |   0.0 |   0.0 | 282.1
        Temple |   4.6 |   4.6 |   0.0 |   0.0 |   0.0 | 109.0
               +-------+-------+-------+-------+-------+----------------------

Table legend:
 A = Kills in this place as a percentage of kills in entire the game.
 B = Kills by you in this place as a percentage of kills by you in the entire game.
 C = Kills by friends in this place as a percentage of kills by friends in the entire game.
 D = Other kills in this place as a percentage of other kills in the entire game.
 E = Experience gained in this place as a percentage of experience gained in the entire game.
 F = Experience gained in this place divided by the number of levels of this place that you have seen.
                   A       B       C       D       E      F
               +-------+-------+-------+-------+-------+----------------------
         Total | 100.0 | 100.0 |  -nan |  -nan | 100.0 | 144.3
       Dungeon | 100.0 | 100.0 |  -nan |  -nan | 100.0 | 162.4
               +-------+-------+-------+-------+-------+----------------------
